Match 47476143
Unlisted

Match 47476143
End
Construct Section Command Post
Selects Canadian Shock Battlegroup
Infantry Section
Infantry Section
Dingo Light Scout Car
Infantry Section
Selects Attacking Spirit
Construct Platoon Command Post
Humber Armored Car
Construct Field Infirmary
Selects Incendiary Munitions
Selects Canadian Shock Section
Vickers Machine Gun Team
6-pounder Anti-tank Gun Team
Construct Company Command Post
Selects Pyrotechnics
Crusader II Medium Tank
Selects Point Assault
Crusader II Medium Tank
jdnebel
Nukepapa
0
0

Comments sign in to comment!

No comments posted yet!